AoeStats
← Tu padre

Arabia

510454085Analyzed
2v2 RM · 16h ago on Oct 1, 2026· 106m 41s· 4 players
Game mode
Random Map
Map size
Medium (4 player)
Population
200
Speed
Normal
Resources
Standard
Victory
Conquest
Starting age
Dark Age
Ending age
Imperial Age
RankedLock teamsTeams togetherTeam positionsShared explorationLock speedFull tech treeHidden civsTurbo modeCheats
Victory
Defeat
🇨🇴 Khmer · Colombia
870
+12
🇨🇴 Varangians · Colombia
800
+15
🇲🇽 Hindustanis · Mexico
784
-14
🇲🇽 Ethiopians · Mexico
765
-13
dragonbanshe1
11:56 Feudal Age
14:17 Double-Bit Axe
16:09 Bloodlines
17:22 Forging
20:57 Scale Barding Armor
26:46 Castle Age
25:59 Stone Mining
26:01 Gold Mining
26:29 Horse Collar
29:12 Iron Casting
29:38 Husbandry
30:23 Wheelbarrow
31:19 Chain Barding Armor
32:05 Bow Saw
32:32 Grand Trunk Road
33:27 Scale Mail Armor
33:43 Squires
34:18 Hand Cart
36:26 Chain Mail Armor
39:12 Gold Shaft Mining
39:59 Arson
45:26 Imperial Age
45:22 Husbandry
45:28 Town Watch
45:57 Heavy Camel Rider
50:26 Imperial Camel Rider
54:11 Conscription
68:31 Caravan
74:07 Elite Ghulam
Tu padre
0:58 Loom
17:28 Feudal Age
21:24 Double-Bit Axe
21:22 Horse Collar
24:14 Forging
24:05 Scale Mail Armor
28:41 Castle Age
30:34 Bow Saw
32:19 Iron Casting
32:00 Chain Mail Armor
36:06 Imperial Age
37:11 Elite Shotel Warrior
39:30 Capped Ram
42:08 Blast Furnace
41:39 Plate Mail Armor
63:36 Man-at-Arms
65:17 Long Swordsman
67:11 Elite Skirmisher
72:28 Guilds
73:54 Thumb Ring
Zaitsev94
6:54 Loom
12:18 Feudal Age
15:58 Double-Bit Axe
16:30 Bloodlines
19:21 Forging
19:17 Scale Barding Armor
28:02 Castle Age
26:07 Horse Collar
26:19 Arson
27:46 Stone Mining
29:58 Gold Mining
30:40 Bow Saw
32:30 Murder Holes
45:49 Chain Barding Armor
47:11 Iron Casting
50:33 Pikeman
51:16 Scale Mail Armor
51:07 Pikeman
51:48 Squires
84:33 Heavy Plow
94:22 Husbandry
94:50 Caravan
102:35 Fletching
Oficial Durruti.
5:33 Loom
9:47 Feudal Age
10:51 Double-Bit Axe
20:19 Castle Age
20:04 Bloodlines
19:47 Fletching
19:57 Padded Archer Armor
20:35 Horse Collar
26:16 Bodkin Arrow
27:35 Bow Saw
31:48 Tusk Swords
33:29 Leather Archer Armor
39:33 Imperial Age
41:26 Ballistics
41:14 Double Crossbow
41:24 Double Crossbow
43:09 Chemistry
44:26 Gold Mining
44:26 Stone Mining
44:58 Bracer
45:09 Forging
45:04 Scale Barding Armor
45:54 Wheelbarrow
48:28 Light Cavalry
49:15 Hussar
59:47 Chain Barding Armor
60:02 Iron Casting
67:54 Pikeman
73:12 Blast Furnace
72:12 Scale Mail Armor
76:29 Cavalier
77:11 Husbandry
84:53 Plate Barding Armor
84:51 Ring Archer Armor
84:21 Scale Mail Armor
94:15 Coinage
93:31 Elite Ballista Elephant
94:52 Hand Cart
95:15 Gold Shaft Mining
95:16 Stone Shaft Mining
Connection lost

Rejoining the realm…

Still unreachable

The connection could not be restored.

Session expired

The server has moved on; the page needs a fresh start.